| TOP OF THE 1ST |
|
San Jose Giants batting - Pitching for Tulsa Drillers : RHP Michael Walsh
|
|
Pitching: RHP Michael Walsh
|
|
|
Batting: RHB Tyler Mapes
|
0-0: Called Strike 0-1: Ground out 6-3 (Groundball, 6, EV 88.1 MPH)
|
|
Batting: RHB Jonathan Reece
|
0-0: Called Strike 0-1: Ball 1-1: Ball 2-1: Ball 3-1: Base on Balls
|
|
Batting: LHB Nate Conley
|
0-0: Ball Jonathan Reece is caught stealing 2nd base 2-6 1-0: Called Strike 1-1: Ball 2-1: Ball 3-1: Called Strike 3-2: DOUBLE (Line Drive, 89D, EV 111.9 MPH)
|
|
Batting: RHB Tade Post
|
0-0: SINGLE (Groundball, 56D, EV 96.2 MPH) Nate Conley to third
|
|
Batting: RHB Ian Richardson
|
0-0: Called Strike Pickoff Throw to First - Out! 1-3
|
| Top of the 1st over - 0 runs, 2 hits, 0 errors, 1 left on base; San Jose 0 - Tulsa 0 |
| BOTTOM OF THE 1ST |
|
Tulsa Drillers batting - Pitching for San Jose Giants : RHP Yugo Kobayashi
|
|
Pitching: RHP Yugo Kobayashi
|
|
|
Batting: RHB Steve Haskins
|
0-0: Ball 1-0: Swinging Strike 1-1: Foul Ball, location: 2F 1-2: SINGLE (Groundball, 56S, EV 65.6 MPH) (infield hit)
|
|
Batting: RHB Jesse White
|
0-0: Called Strike 0-1: Ball 1-1: Grounds into double play, 6-4-3 (Groundball, 6, EV 108.1 MPH)
|
|
Batting: LHB Nick McGraw
|
0-0: Ground out 6-3 (Groundball, 6, EV 81.2 MPH)
|
| Bottom of the 1st over - 0 runs, 1 hit, 0 errors, 0 left on base; San Jose 0 - Tulsa 0 |
| TOP OF THE 2ND |
|
San Jose Giants batting - Pitching for Tulsa Drillers : RHP Michael Walsh
|
|
Batting: RHB Ian Richardson
|
0-0: Called Strike 0-1: Ground out 6-3 (Groundball, 6, EV 83.1 MPH)
|
|
Batting: LHB James Wheaton
|
0-0: Ball 1-0: Foul Ball, location: 2F 1-1: Ground out 6-3 (Groundball, 6M, EV 100.6 MPH)
|
|
Batting: LHB Tony Galvan
|
0-0: Called Strike 0-1: Foul Ball, location: 2F 0-2: Ball 1-2: Foul Ball, location: 2F 1-2: Foul Ball, location: 2F 1-2: Fly out, F7 (Flyball, 78XD, EV 91.2 MPH)
|
| Top of the 2nd over - 0 runs, 0 hits, 0 errors, 0 left on base; San Jose 0 - Tulsa 0 |
| BOTTOM OF THE 2ND |
|
Tulsa Drillers batting - Pitching for San Jose Giants : RHP Yugo Kobayashi
|
|
Batting: RHB Blake Beale
|
0-0: Fly out, F7 (Flyball, 7D, EV 91.9 MPH)
|
|
Batting: RHB Dave Cordero
|
0-0: Called Strike 0-1: SINGLE (Line Drive, 7S, EV 87.5 MPH)
|
|
Batting: SHB Xavier Alaniz
|
0-0: Called Strike 0-1: Ball 1-1: Foul Ball, location: 2F 1-2: Foul Ball, location: 2F 1-2: Foul Ball, location: 2F 1-2: Foul Ball, location: 2F 1-2: Fly out, F8 (Flyball, 78D, EV 100.0 MPH)
|
|
Batting: LHB David McNair
|
0-0: Ball Dave Cordero steals 2nd base 1-0: Ground out U3 (Groundball, 3S, EV 80.0 MPH)
|
| Bottom of the 2nd over - 0 runs, 1 hit, 0 errors, 1 left on base; San Jose 0 - Tulsa 0 |
| TOP OF THE 3RD |
|
San Jose Giants batting - Pitching for Tulsa Drillers : RHP Michael Walsh
|
|
Batting: RHB Josh Lippens
|
0-0: Foul Ball, location: 2F 0-1: Foul Ball, location: 2F 0-2: SINGLE (Groundball, 6MD, EV 96.2 MPH)
|
|
Batting: RHB Mike Jones
|
0-0: Ball 1-0: Foul Ball, location: 2F 1-1: Called Strike 1-2: Foul Ball, location: 2F 1-2: SINGLE (Line Drive, 6M, EV 101.2 MPH) Josh Lippens to second
|
|
Batting: RHB Tyler Mapes
|
0-0: Ball 1-0: Called Strike 1-1: Ball 2-1: Called Strike 2-2: Ball 3-2: Strikes out swinging
|
|
Batting: RHB Jonathan Reece
|
0-0: Ball 1-0: Called Strike 1-1: Foul Ball, location: 2F 1-2: Foul Ball, location: 2F 1-2: Foul Ball, location: 2F 1-2: Strikes out swinging
|
|
Batting: LHB Nate Conley
|
0-0: Swinging Strike 0-1: Swinging Strike 0-2: Ball 1-2: Foul Ball, location: 2F 1-2: Strikes out swinging
|
| Top of the 3rd over - 0 runs, 2 hits, 0 errors, 2 left on base; San Jose 0 - Tulsa 0 |
| BOTTOM OF THE 3RD |
|
Tulsa Drillers batting - Pitching for San Jose Giants : RHP Yugo Kobayashi
|
|
Batting: LHB Miguel Medina
|
0-0: Swinging Strike 0-1: Foul Ball, location: 2F 0-2: Strikes out swinging
|
|
Batting: RHB Koen van Oort
|
0-0: Called Strike 0-1: Fly out, F3 (Popup, 3F, EV 71.9 MPH)
|
|
Batting: RHB Steve Haskins
|
0-0: Foul Ball, location: 2F 0-1: Ball 1-1: Ground out 6-3 (Groundball, 6M, EV 94.4 MPH)
|
| Bottom of the 3rd over - 0 runs, 0 hits, 0 errors, 0 left on base; San Jose 0 - Tulsa 0 |
| TOP OF THE 4TH |
|
San Jose Giants batting - Pitching for Tulsa Drillers : RHP Michael Walsh
|
|
Batting: RHB Tade Post
|
0-0: Foul Ball, location: 2F 0-1: Ball 1-1: Foul Ball, location: 2F 1-2: Ground out 1-3 (Groundball, 15S, EV 68.8 MPH)
|
|
Batting: RHB Ian Richardson
|
0-0: Ball 1-0: Ball 2-0: Fly out, F7 (Flyball, 78D, EV 106.2 MPH)
|
|
Batting: LHB James Wheaton
|
0-0: Called Strike 0-1: Ground out U3 (Groundball, 3, EV 105.0 MPH)
|
| Top of the 4th over - 0 runs, 0 hits, 0 errors, 0 left on base; San Jose 0 - Tulsa 0 |
| BOTTOM OF THE 4TH |
|
Tulsa Drillers batting - Pitching for San Jose Giants : RHP Yugo Kobayashi
|
|
Batting: RHB Jesse White
|
0-0: Called Strike 0-1: Ball 1-1: Ball 2-1: Ball 3-1: Foul Ball, location: 2F 3-2: Fly out, F4 (Popup, 4, EV 71.9 MPH)
|
|
Batting: LHB Nick McGraw
|
0-0: Foul Ball, location: 2F 0-1: Fly out, F8 (Flyball, 8RXD, EV 93.8 MPH)
|
|
Batting: RHB Blake Beale
|
0-0: Swinging Strike 0-1: SINGLE (Groundball, 4MD, EV 105.0 MPH)
|
|
Batting: RHB Dave Cordero
|
0-0: Called Strike 0-1: Ball Blake Beale steals 2nd base 1-1: Foul Ball, location: 2F 1-2: Ball 2-2: Ball 3-2: SINGLE (Line Drive, 78M, EV 89.4 MPH) Blake Beale to third Runner from 3rd tries for Home, SAFE, throw by LF to home
|
|
Batting: SHB Xavier Alaniz
|
0-0: Swinging Strike 0-1: Ball 1-1: Swinging Strike 1-2: Ground out 4-3 (Groundball, 34, EV 85.6 MPH)
|
| Bottom of the 4th over - 1 run, 2 hits, 0 errors, 1 left on base; San Jose 0 - Tulsa 1 |
| TOP OF THE 5TH |
|
San Jose Giants batting - Pitching for Tulsa Drillers : RHP Michael Walsh
|
|
Batting: LHB Tony Galvan
|
0-0: Ball 1-0: Ground out 6-3 (Groundball, P, EV 86.9 MPH)
|
|
Batting: RHB Josh Lippens
|
0-0: Called Strike 0-1: Foul Ball, location: 2F 0-2: SINGLE (Groundball, 34D, EV 110.6 MPH)
|
|
Batting: RHB Mike Jones
|
0-0: Foul Ball, location: 2F 0-1: Ball 1-1: Ground out 6-3 (Groundball, 6, EV 76.2 MPH) Josh Lippens to second
|
|
Batting: RHB Tyler Mapes
|
0-0: Foul Ball, location: 2F 0-1: Ball 1-1: Swinging Strike 1-2: Foul Ball, location: 2F 1-2: Ball 2-2: SINGLE (Groundball, 6MS, EV 63.1 MPH) (infield hit) Josh Lippens to third
|
|
Batting: RHB Jonathan Reece
|
0-0: Called Strike 0-1: Ball 1-1: Ball 2-1: Ball Tyler Mapes steals 2nd, throwing error, E2 Josh Lippens scores Tyler Mapes to third 3-1: Reached on error, E6 (Groundball, 6MD, EV 101.2 MPH) Tyler Mapes scores
|
|
Batting: LHB Nate Conley
|
0-0: Ball Jonathan Reece steals 2nd base (no throw) 1-0: Ball 2-0: Ball 3-0: Called Strike 3-1: Foul Ball, location: 2F 3-2: Base on Balls
|
|
Batting: RHB Tade Post
|
0-0: Ball 1-0: Ball 2-0: Ball 3-0: Called Strike 3-1: Called Strike 3-2: Base on Balls Jonathan Reece to third Nate Conley to second
|
|
Batting: RHB Ian Richardson
|
0-0: Ball 1-0: Called Strike 1-1: Swinging Strike 1-2: Strikes out looking
|
| Top of the 5th over - 2 runs, 2 hits, 2 errors, 3 left on base; San Jose 2 - Tulsa 1 |
| BOTTOM OF THE 5TH |
|
Tulsa Drillers batting - Pitching for San Jose Giants : RHP Yugo Kobayashi
|
|
Batting: LHB David McNair
|
0-0: Ball 1-0: Ground out 4-3 (Groundball, 4D, EV 100.0 MPH)
|
|
Batting: LHB Miguel Medina
|
0-0: Ball 1-0: Ball 2-0: Ball 3-0: Foul Ball, location: 2F 3-1: Swinging Strike 3-2: Ground out 6-3 (Groundball, 6MD, EV 87.5 MPH)
|
|
Batting: RHB Koen van Oort
|
0-0: Called Strike 0-1: Ball 1-1: Ball 2-1: SINGLE (Line Drive, 78M, EV 88.8 MPH)
|
|
Batting: RHB Steve Haskins
|
0-0: Called Strike 0-1: Ball Koen van Oort steals 2nd base 1-1: Called Strike 1-2: Foul Ball, location: 2F 1-2: SINGLE (Line Drive, 8RS, EV 108.8 MPH) Koen van Oort to third Runner from 3rd tries for Home, SAFE, throw by CF to home
|
|
Batting: RHB Jesse White
|
0-0: Ball 1-0: Ball 2-0: Called Strike 2-1: Ball 3-1: Fly out, F8 (Line Drive, 8RM, EV 90.0 MPH)
|
| Bottom of the 5th over - 1 run, 2 hits, 0 errors, 1 left on base; San Jose 2 - Tulsa 2 |
| TOP OF THE 6TH |
|
San Jose Giants batting - Pitching for Tulsa Drillers : RHP Michael Walsh
|
|
Batting: LHB James Wheaton
|
0-0: Called Strike 0-1: Swinging Strike 0-2: Strikes out looking
|
|
Batting: LHB Tony Galvan
|
0-0: Ground out 4-3 (Groundball, 4, EV 85.6 MPH)
|
|
Batting: RHB Josh Lippens
|
0-0: Ground out 4-3 (Groundball, 34, EV 100.6 MPH)
|
| Top of the 6th over - 0 runs, 0 hits, 0 errors, 0 left on base; San Jose 2 - Tulsa 2 |
| BOTTOM OF THE 6TH |
|
Tulsa Drillers batting - Pitching for San Jose Giants : RHP Yugo Kobayashi
|
|
Batting: LHB Nick McGraw
|
0-0: Foul Ball, location: 2F 0-1: Ball 1-1: Ball 2-1: Ball 3-1: Foul Ball, location: 2F 3-2: Strikes out swinging
|
|
Batting: RHB Blake Beale
|
0-0: Ground out 5-3 (Groundball, 56S, EV 65.6 MPH)
|
|
Batting: RHB Dave Cordero
|
0-0: Called Strike 0-1: Reached via error on a dropped throw from 1B, E1 (Groundball, 13, EV 86.2 MPH)
|
|
Batting: SHB Xavier Alaniz
|
0-0: Called Strike 0-1: Ball 1-1: Ball 2-1: Ground out U3 (Groundball, 34, EV 87.5 MPH)
|
| Bottom of the 6th over - 0 runs, 0 hits, 1 error, 1 left on base; San Jose 2 - Tulsa 2 |
| TOP OF THE 7TH |
|
San Jose Giants batting - Pitching for Tulsa Drillers : RHP Michael Walsh
|
|
Batting: RHB Mike Jones
|
0-0: Ball 1-0: Ground out 6-3 (Groundball, 6, EV 98.1 MPH)
|
|
Batting: RHB Tyler Mapes
|
0-0: Ball 1-0: Foul Ball, location: 2F 1-1: Ball 2-1: Foul Ball, location: 2F 2-2: Strikes out looking
|
|
Batting: RHB Jonathan Reece
|
0-0: Ground out 6-3 (Groundball, 6, EV 108.1 MPH)
|
| Top of the 7th over - 0 runs, 0 hits, 0 errors, 0 left on base; San Jose 2 - Tulsa 2 |
| BOTTOM OF THE 7TH |
|
Tulsa Drillers batting - Pitching for San Jose Giants : RHP Yugo Kobayashi
|
|
Batting: LHB David McNair
|
0-0: SOLO HOME RUN (Flyball, 9D, EV 95.0 MPH), Distance : 357 ft
|
|
Batting: LHB Miguel Medina
|
0-0: Ball 1-0: Ball 2-0: Ball 3-0: Base on Balls
|
|
Pitching: RHP Pat Richardson
|
|
|
Batting: RHB Koen van Oort
|
0-0: Bunt missed! 0-1: Sac Bunt to 15 - play at first, batter OUT! 1-4 Miguel Medina to second
|
|
Batting: RHB Steve Haskins
|
0-0: Called Strike 0-1: Called Strike 0-2: Strikes out swinging
|
|
Batting: RHB Jesse White
|
0-0: Foul Ball, location: 2F 0-1: Ball 1-1: Called Strike 1-2: Strikes out swinging
|
| Bottom of the 7th over - 1 run, 1 hit, 0 errors, 1 left on base; San Jose 2 - Tulsa 3 |
| TOP OF THE 8TH |
|
San Jose Giants batting - Pitching for Tulsa Drillers : RHP Michael Walsh
|
|
Pitching: RHP Danny Roe
|
|
|
Batting: LHB Nate Conley
|
0-0: Swinging Strike 0-1: Ball 1-1: Ball 2-1: Foul Ball, location: 2F 2-2: SINGLE (Line Drive, 3D, EV 97.5 MPH)
|
|
Batting: RHB Tade Post
|
0-0: Ball 1-0: Fly out, F5 (Line Drive, 5L, EV 100.0 MPH)
|
|
Batting: RHB Ian Richardson
|
0-0: Foul Ball, location: 2F 0-1: Swinging Strike 0-2: Ground out 5-3 (Groundball, 5S, EV 68.8 MPH) Nate Conley to second
|
|
Pitching: RHP Jon Harris
|
|
|
Batting: LHB James Wheaton
|
0-0: Ball 1-0: Swinging Strike 1-1: Swinging Strike 1-2: Strikes out swinging
|
| Top of the 8th over - 0 runs, 1 hit, 0 errors, 1 left on base; San Jose 2 - Tulsa 3 |
| BOTTOM OF THE 8TH |
|
Tulsa Drillers batting - Pitching for San Jose Giants : RHP Pat Richardson
|
|
Batting: LHB Nick McGraw
|
0-0: Called Strike 0-1: Swinging Strike 0-2: Ground out 6-3 (Groundball, 56, EV 85.0 MPH)
|
|
Batting: RHB Blake Beale
|
0-0: Ball 1-0: Foul Ball, location: 2F 1-1: Fly out, F8 (Flyball, 8RD, EV 96.2 MPH)
|
|
Batting: RHB Dave Cordero
|
0-0: Called Strike 0-1: Swinging Strike 0-2: Ball 1-2: Ball 2-2: Ground out 6-3 (Groundball, 56, EV 86.9 MPH)
|
| Bottom of the 8th over - 0 runs, 0 hits, 0 errors, 0 left on base; San Jose 2 - Tulsa 3 |
| TOP OF THE 9TH |
|
San Jose Giants batting - Pitching for Tulsa Drillers : RHP Jon Harris
|
|
Batting: LHB Tony Galvan
|
0-0: Called Strike 0-1: Foul Ball, location: 2F 0-2: Ball 1-2: Ball 2-2: Strikes out swinging
|
|
Batting: RHB Josh Lippens
|
0-0: Swinging Strike 0-1: Called Strike 0-2: Ball 1-2: Ground out 5-3 (Groundball, 5L, EV 85.0 MPH)
|
|
Batting: RHB Mike Jones
|
0-0: Called Strike 0-1: Fly out, F3 (Popup, 3SF, EV 78.1 MPH)
|
| Top of the 9th over - 0 runs, 0 hits, 0 errors, 0 left on base; San Jose 2 - Tulsa 3 |
|